 Dungeon Crawl Stone Soup version 0.31-a0-844-gdc52ec4e09 (webtiles) character file.

Game seed: 1012421079028060939

251072 orangepiccolo the Slayer (level 19, -6/152 HPs)
             Began as a Hill Orc Berserker on Sept 30, 2023.
             Was a High Priest of Trog.
             Mangled by a rockslime (19 damage)
             ... on level 4 of the Pits of Slime.
             The game lasted 01:13:57 (27816 turns).

orangepiccolo the Slayer (Hill Orc Berserker)      Turns: 27816, Time: 01:13:58

Health: -6/152     AC: 32    Str: 32 (33) XL:     19   Next: 65%
Magic:  19/19      EV: 13    Int:  5 (6)  God:    Trog [*****.]
Gold:   1726       SH:  0    Dex: 12 (14) Spells: 18/18 levels left

rFire   . . .        y - +5 broad axe of the Briny Deep {vamp, rPois SInv}
rCold   . . .        Y - +0 tower shield
rNeg    . . .        W - +12 chain mail of Circular Logic {Stlth+}
rPois   +            N - +2 helmet
rElec   .            D - +2 cloak {rCorr}
rCorr   +            K - +2 pair of gloves {hurl}
SInv    +            n - +2 pair of boots
Will    +....        g - amulet of regeneration Stlth
                     a - +6 ring of strength
HPRegen 1.25/turn    q - +4 ring of protection
MPRegen 0.16/turn

%: no passive effects
@: confused, ambrosia-drunk, corroded
A: agile 1, deterioration 1, frail 2, teleportitis 1
}: 2/15 runes: decaying, serpentine
a: Renounce Religion, Berserk, Trog's Hand, Brothers in Arms


You were on level 4 of the Pits of Slime.
You worshipped Trog.
Trog was extremely pleased with you.
You visited 6 branches of the dungeon, and saw 31 of its levels.
You also visited: Sewer, Ossuary, Ice Cave and Volcano.

You collected 3454 gold pieces.
You spent 1728 gold pieces at shops.

Inventory:

Hand Weapons
 y - the +5 broad axe of the Briny Deep (weapon) {vamp, rPois SInv}
   (You acquired it in a sewer)

   rPois:     It protects you from poison SInv: It lets you see invisible.
Missiles
 m - 2 throwing nets
Armour
 b - a +2 kite shield
 n - a +2 pair of boots (worn)
 B - the +18 Lear's hauberk
   (You acquired it on level 1 of the Snake Pit)
 D - a +2 cloak of preservation (worn)
 K - a +2 pair of gloves of hurling (worn)
 N - a +2 helmet (worn)
 W - the +12 chain mail of Circular Logic (worn) {Stlth+}
   (You found it on level 4 of the Lair of Beasts)

   Stlth+:    It makes you more stealthy.
 Y - a +0 tower shield (worn)
Jewellery
 a - a +6 ring of strength (left hand)
 g - an amulet of regeneration (around neck)
 q - a +4 ring of protection (right hand)
 A - a +6 ring of strength
 I - a ring of willpower
 J - a ring of protection from cold
 U - a +6 ring of strength
Wands
 j - a wand of quicksilver (8)
 r - a wand of paralysis (36)
 s - a wand of iceblast (45)
 u - a wand of polymorph (14)
 x - a wand of digging (17)
 O - a wand of flame (90)
 Q - a wand of mindburst (9)
Scrolls
 d - 7 scrolls of revelation
 e - 2 scrolls of summoning
 f - 3 scrolls of enchant weapon
 i - 5 scrolls of poison
 k - 10 scrolls of teleportation
 l - 9 scrolls of identify
 p - 4 scrolls of noise
 v - a scroll of vulnerability
 L - 2 scrolls of blinking
 P - a scroll of torment
 R - 2 scrolls of silence
 S - 3 scrolls of fear
 T - a scroll of immolation
 V - 2 scrolls of fog
 X - a scroll of brand weapon
Potions
 h - 3 potions of ambrosia
 o - 5 potions of enlightenment
 t - 4 potions of haste
 w - 5 potions of curing
 z - 2 potions of magic
 C - 6 potions of lignification
 E - 4 potions of might
 F - 4 potions of mutation
 G - 4 potions of brilliance
 H - 2 potions of attraction
 M - 3 potions of cancellation


   Skills:
 - Level 22.1 Fighting
 + Level 20.9 Axes
 - Level 15.1 Armour
 - Level 11.8 Dodging
 * Level 20.4 Shields


You had 18 spell levels left.
You didn't know any spells.
Your spell library was empty.

Dungeon Overview and Level Annotations

Branches:
Dungeon (12/15)            Temple (0/1) D:4            Lair (5/5) D:8
  Swamp (4/4) Lair:2        Snake (4/4) Lair:2        Slime (4/5) Lair:4
    Orc (2/2) D:11            Elf (0/3) Orc:2         Sewer (visited)
Ossuary (visited)           IceCv (visited)         Volcano (visited)

Altars:
Ashenzari
Fedhas
Gozag
Kikubaaqudgha
Okawaru
Qazlal
Sif Muna
Vehumet
Wu Jian
Xom
Yredelemnul
Zin
Jiyva

Shops:
D:2 :   D:4 (   D:6 ?   D:8 :*:**   D:10 (   Orc:2 :*(:[   Snake:1 :
Snake:3 [=(


Innate Abilities, Weirdness & Mutations

You are agile. (Dex +4, Str/Int -1)
Your body sometimes deteriorates upon taking damage.
You are very frail. (-20% HP)
You are occasionally teleported next to monsters.


Message History

Okay, then.
You are too confused!
Okay, then.
Okay, then.
You feel much better.
The slime creature completely misses you.
The rockslime barely misses you.
You're too confused to move!
The rockslime hits you but does no damage.
The slime creature closely misses you. The rockslime hits you.
* * * LOW HITPOINT WARNING * * *
You hold your ground!
The slime creature attacks as it pursues you!
The slime creature hits you.
* * * LOW HITPOINT WARNING * * *
The golden eye blinks at you. You resist with almost no effort.
The rockslime hits you!
* * * LOW HITPOINT WARNING * * *
You are shoved backwards!
You hit the rockslime but do no damage.
The rockslime is almost dead.
The golden eye blinks at you. You resist with almost no effort.
The rockslime hits you!
* * * LOW HITPOINT WARNING * * *
You are shoved backwards!
You bump into the slime covered rock wall.
The golden eye blinks at you.
You are more confused.
The rockslime hits you!
* * * LOW HITPOINT WARNING * * *
You are shoved backwards!
You are too confused!
Okay, then.
You are more confused.
You feel invigorated. The rockslime barely misses you.
The golden eye blinks at you.
You are more confused.
The rockslime attacks as it pursues you!
The rockslime hits you!!
You die...

#....................
................#.###
...##..............#
..................##
.....>.......#.#.#####
.............####....##
......................#
.............G.........
###........J..J@...#.
##.#.#.#.######.##
######### #


You could see a slime creature, a rockslime and a golden eye.

Vanquished Creatures
  Nikola (Swamp:3)
  Jorgrun (Snake:1)
  Mlioglotl (Snake:4)
  6 acid blobs
  A thorn hunter (Swamp:4)
  Donald (Swamp:4)
  Aizul (Swamp:3)
  A rockslime (Slime:4)
  An azure jelly (Slime:3)
  A fenstrider witch (Swamp:4)
  15 nagarajas (Snake:4)
  A hydra zombie (Swamp:4)
  5 ghouls
  An orc warlord (Orc:2)
  3 quicksilver oozes
  A stone giant (Volcano)
  5 formless jellyfish
  A vampire knight (Swamp:4)
  6 eleionomae
  5 bunyips
  The ghost of XavTav the Blocker, a journeyman MiFi of Okawaru (Lair:1)
  A fire dragon (Lair:5)
  3 shambling mangroves
  6 salamander tyrants (Snake:4)
  7 hydras
  2 catoblepae
  11 alligators
  8 anacondas
  3 ghost crabs
  5 two-headed ogres
  15 naga warriors
  9 death yaks (Lair:5)
  7 shock serpents
  19 naga sharpshooters
  Amaemon (D:8)
  7 goliath frogs
  4 skysharks
  6 salamander mystics
  4 spriggan druids
  2 bunyip zombies (Swamp:4)
  5 sea snakes (Snake:3)
  A flayed ghost (Swamp:4)
  4 swamp dragons
  4 naga ritualists
  2 bunyip skeletons (Swamp:4)
  A spectral hydra (Swamp:4)
  2 necromancers
  12 bog bodies
  2 orc knights (Orc:2)
  A cyclops (D:12)
  10 mana vipers
  4 shining eyes
  4 oklob plants
  3 ugly things
  7 orc sorcerers (Orc:2)
  5 will-o-the-wisps
  8 elephants
  10 salamanders
  5 guardian serpents
  37 black mambas
  Joseph (D:8)
  An ice statue (IceCv)
  A molten gargoyle (Volcano)
  21 naga magi
  10 cane toads
  2 torpor snails
  A gargoyle (D:10)
  An eye of devastation (Slime:4)
  An unseen horror (D:8)
  An orange demon (D:8)
  2 rime drakes (Lair:1)
  Psyche (D:8)
  8 komodo dragons
  An efreet (Volcano)
  5 trolls
  9 polar bears (Lair:5)
  4 tyrant leeches
  A bloated husk (Swamp:2)
  Grinder (D:6)
  A hydra skeleton (Swamp:4)
  12 hornets
  2 raiju (Lair:5)
  27 blink frogs
  14 dream sheep
  8 spriggans
  3 shadows
  6 wyverns
  46 slime creatures
  39 yaks
  2 fire elementals (Volcano)
  6 fire bats (Volcano)
  A dire elephant simulacrum (IceCv)
  6 basilisks
  2 golden eyes (Slime:4)
  12 vampire mosquitoes
  2 death yak simulacra (IceCv)
  3 steam dragons
  49 nagas
  3 harpy simulacra (IceCv)
  13 wargs
  11 swamp worms
  Duvessa (D:6)
  8 acid dragons
  4 hydra simulacra
  14 water moccasins
  13 hell hounds (Lair:5)
  2 swamp drakes
  13 black bears
  20 orc warriors
  2 ice beasts
  4 ogres
  19 wolves
  A swamp dragon zombie (Swamp:4)
  6 centaurs
  2 swamp dragon skeletons (Swamp:4)
  4 kobold brigands
  An earth elemental (Volcano)
  3 gnoll sergeants
  A scorpion (D:5)
  3 two-headed ogre simulacra (IceCv)
  13 bullfrogs
  3 cane toad simulacra
  A necrophage (Swamp:2)
  6 wights
  Dowan (D:6)
  2 elephant simulacra (Orc:2)
  7 killer bees (D:8)
  An electric eel (Lair:4)
  5 howler monkeys
  7 lava snakes (Volcano)
  12 orc priests
  3 hounds
  2 sleepcaps (D:5)
  12 iguanas
  11 orc wizards
  3 yak simulacra (Lair:2)
  9 spriggan simulacra
  5 polar bear simulacra
  10 troll simulacra
  5 wolf simulacra
  8 mummies (Ossuary)
  22 gnolls
  10 adders
  2 river rats (Sewer)
  2 naga simulacra
  A shadow imp (D:7)
  10 white imps
  11 ufetubi
  3 worms (Sewer)
  2 dart slugs
  33 orcs
  5 bats
  6 endoplasms
  3 giant cockroaches (D:1)
  2 gnoll zombies (Ossuary)
  6 goblins
  7 hobgoblins
  2 jackals (D:1)
  28 kobolds
  7 quokkas
  3 ball pythons
  3 frilled lizards
  3 hobgoblin zombies (Ossuary)
  2 kobold zombies (Ossuary)
  An orc zombie (Ossuary)
  4 rats
  3 river rat simulacra (Lair:2)
  A starspawn tentacle (Snake:4)
1075 creatures vanquished.

Vanquished Creatures (collateral kills)
  A nagaraja (Snake:4)
  A vampire knight (Swamp:4)
  3 shambling mangroves (Swamp:4)
  3 hydras (Swamp:4)
  A naga warrior (Snake:3)
  A naga sharpshooter (Snake:4)
  A salamander mystic (Snake:2)
  A spriggan druid (Swamp:4)
  A swamp dragon (Swamp:4)
  A phantasmal warrior (Swamp:4)
  An orc sorcerer (Orc:2)
  A mana viper (Snake:2)
  3 salamanders
  4 black mambas
  A molten gargoyle (Volcano)
  4 naga magi
  A freezing wraith (Swamp:4)
  A death drake zombie (Swamp:4)
  A hydra skeleton (Swamp:4)
  A hydra zombie (Swamp:4)
  3 nagas
  2 hydra simulacra (Swamp:4)
  A swamp drake (Swamp:4)
  An orc warrior (Orc:2)
  2 swamp dragon zombies (Swamp:4)
  An earth elemental (Volcano)
42 creatures vanquished.

Vanquished Creatures (others)
  An eleionoma (Swamp:2)
  An alligator (Swamp:1)
  A swamp dragon (Swamp:1)
  An orc sorcerer (Orc:2)
  A basilisk (Lair:5)
  2 swamp worms (Swamp:2)
  A naga (Snake:4)
  A necrophage (Swamp:3)
  A kobold (D:8)
  42 foxfires
  A starspawn tentacle (Snake:4)
53 creatures vanquished.

Grand Total: 1170 creatures vanquished

Notes
Turn   | Place    | Note
-------+----------+-------------------------------------------
     0 | D:1      | orangepiccolo the Hill Orc Berserker began the quest for
                  | the Orb.
     0 | D:1      | Reached XP level 1. HP: 19/19 MP: 1/1
   181 | D:1      | Reached XP level 2. HP: 18/27 MP: 2/2
   675 | D:2      | Reached skill level 4 in Fighting
   675 | D:2      | Reached XP level 3. HP: 16/33 MP: 3/3
   990 | D:2      | Found a radiant altar of Vehumet.
  1002 | D:2      | Found Taywk's Book Shoppe.
  1023 | D:2      | Reached XP level 4. HP: 18/40 MP: 4/4
  1501 | D:2      | Identified a scroll of acquirement
  1501 | D:2      | Acquired 745 gold pieces
  1689 | D:3      | Reached ** piety under Trog
  2072 | D:4      | Reached skill level 5 in Axes
  2072 | D:4      | Reached XP level 5. HP: 46/47 MP: 5/5
  2430 | D:4      | Found Sopn's Weapon Shop.
  2674 | D:4      | Found a staircase to the Ecumenical Temple.
  2752 | D:5      | Entered Level 5 of the Dungeon
  2825 | D:5      | Found an ancient bone altar of Kikubaaqudgha.
  2843 | D:5      | Reached skill level 5 in Fighting
  2998 | D:5      | Reached XP level 6. HP: 56/56 MP: 6/6
  3170 | D:5      | Noticed a black bear
  3187 | D:5      | Killed a black bear
  3204 | D:5      | Noticed a water moccasin
  3219 | D:5      | Killed a water moccasin
  3220 | D:5      | Reached XP level 7. HP: 61/61 MP: 7/7
  3270 | D:5      | Found a stormy altar of Qazlal.
  3612 | D:6      | Noticed Grinder
  3612 | D:6      | Paralysed by Grinder for 3 turns
  3653 | D:6      | Paralysed by Grinder for 2 turns
  3657 | D:6      | Killed Grinder
  3658 | D:6      | Reached skill level 6 in Fighting
  3658 | D:6      | Reached skill level 5 in Armour
  3794 | D:6      | Reached *** piety under Trog
  3813 | D:6      | Noticed Duvessa
  3813 | D:6      | Noticed Dowan
  3829 | D:6      | Killed Dowan
  3830 | D:6      | Reached XP level 8. HP: 45/71 MP: 8/8
  3835 | D:6      | Killed Duvessa
  3976 | D:6      | Found a glowing drain.
  3981 | Sewer    | Entered a sewer
  4226 | Sewer    | Acquired the +5 broad axe of the Briny Deep {vamp, rPois
                  | SInv}
  4518 | D:6      | Found Xaduci's Magic Scroll Boutique.
  4736 | D:7      | Reached skill level 7 in Fighting
  4829 | D:7      | Reached XP level 9. HP: 80/80 MP: 9/9
  5029 | D:7      | Reached skill level 5 in Dodging
  5189 | D:7      | Reached skill level 8 in Fighting
  5407 | D:8      | Noticed Joseph
  5410 | D:8      | Found a shimmering blue altar of Sif Muna.
  5420 | D:8      | Killed Joseph
  5441 | D:8      | Noticed an unseen horror
  5455 | D:8      | Killed an unseen horror
  5461 | D:8      | Found a staircase to the Lair.
  5492 | D:8      | Reached **** piety under Trog
  5506 | D:8      | Reached skill level 9 in Fighting
  5513 | D:8      | Found Qeist's Assorted Antiques.
  5527 | D:8      | Identified the +0 scale mail "Lezxit" {rF+}
  5591 | D:8      | Found Gean Dou's General Store.
  5608 | D:8      | Reached XP level 10. HP: 91/91 MP: 10/10
  5617 | D:8      | Found a shimmering altar of Xom.
  5623 | D:8      | Reached skill level 10 in Axes
  5667 | D:8      | Found an opulent altar of Gozag.
  5723 | D:8      | Noticed an orange demon
  5728 | D:8      | Noticed Amaemon
  5730 | D:8      | Killed an orange demon
  5748 | D:8      | Killed Amaemon
  5780 | D:8      | Found Gyrchoqa's Book Shop.
  5782 | D:8      | Noticed Psyche
  5797 | D:8      | Killed Psyche
  5814 | D:8      | Found a basalt altar of Yredelemnul.
  5848 | D:8      | Found a sand-covered staircase.
  5863 | Ossuary  | Entered an ossuary
  5914 | Ossuary  | Reached skill level 10 in Fighting
  6132 | D:8      | Found a broken altar of Ashenzari.
  6149 | D:8      | Found Zyasteah's Book Emporium.
  6176 | D:8      | Found Uthoa's Assorted Antiques.
  6188 | D:8      | Bought a pair of shimmering gloves for 228 gold pieces
  6188 | D:8      | Identified the +0 pair of gloves of Pragmatism {Drain Int+3
                  | Slay+2} (You bought it in a shop on level 8 of the Dungeon)
  6198 | D:8      | Bought a runed scale mail for 168 gold pieces
  6552 | D:9      | Identified the +5 ring mail "Qestep" {+Inv rC- Str+3}
  6607 | D:9      | Reached skill level 1 in Shields
  6611 | D:9      | Reached ***** piety under Trog
  6655 | D:9      | Reached XP level 11. HP: 98/101 MP: 11/11
  6905 | D:9      | Identified the +4 short sword of Yredelemnul, Writhing
                  | {protect, rN+ Dex+4}
  7157 | D:9      | Found an iron altar of Okawaru.
  7166 | D:9      | Found an ornate altar of the Wu Jian Council.
  7239 | D:9      | Noticed a two-headed ogre
  7247 | D:9      | Killed a two-headed ogre
  7330 | D:10     | Entered Level 10 of the Dungeon
  7457 | D:10     | Noticed a two-headed ogre
  7463 | D:10     | Killed a two-headed ogre
  7617 | D:10     | Found a blossoming altar of Fedhas.
  7618 | D:10     | Found a glowing silver altar of Zin.
  7970 | D:10     | Found Atwolamm's Weapon Shop.
  8201 | D:11     | Reached skill level 11 in Fighting
  8247 | D:11     | Noticed a two-headed ogre
  8257 | D:11     | Killed a two-headed ogre
  8456 | D:11     | Reached skill level 10 in Armour
  8645 | D:11     | Noticed a two-headed ogre
  8655 | D:11     | Killed a two-headed ogre
  8696 | D:11     | Found a staircase to the Orcish Mines.
  8971 | D:12     | Noticed a cyclops
  8973 | D:12     | Noticed a cyan ugly thing
  8984 | D:12     | Killed a cyan ugly thing
  8987 | D:12     | Killed a cyclops
  8988 | D:12     | Reached skill level 5 in Shields
  9012 | D:12     | Noticed a green ugly thing
  9023 | D:12     | Killed a green ugly thing
  9131 | D:12     | Noticed a sun demon
  9273 | D:12     | Reached XP level 12. HP: 110/110 MP: 12/12
  9560 | Lair:1   | Entered Level 1 of the Lair of Beasts
  9702 | Lair:1   | Reached skill level 12 in Fighting
  9784 | Lair:1   | Noticed a seven-headed hydra
  9801 | Lair:1   | Killed an 18-headed hydra
 10017 | Lair:1   | Received a gift from Trog
 10322 | Lair:1   | Found a runed translucent door.
 10330 | Lair:1   | Noticed XavTav's ghost (journeyman MiFi)
 10332 | Lair:1   | Identified the +5 trident of the Little People {flame,
                  | rElec rN+ Str+3 Dex+2}
 10355 | Lair:1   | Killed XavTav's ghost
 10874 | Lair:2   | Found a staircase to the Swamp.
 10884 | Lair:2   | Noticed a skyshark
 10903 | Lair:2   | Killed a skyshark
 10904 | Lair:2   | Reached XP level 13. HP: 80/119 MP: 13/13
 11050 | Lair:2   | Found a staircase to the Snake Pit.
 11383 | Lair:2   | Reached skill level 13 in Fighting
 11397 | Lair:2   | Found a dark tunnel.
 11415 | Volcano  | Entered a volcano
 11629 | Volcano  | Found a bloodstained altar of Trog.
 11670 | Volcano  | HP: 2/122 [molten gargoyle/+0 morningstar (12)]
 11702 | Volcano  | Noticed a stone giant
 11714 | Volcano  | Killed a stone giant
 12249 | Lair:3   | Identified the +0 plate armour of Somewhere Else {rPois}
 12576 | Lair:3   | Reached skill level 15 in Axes
 12922 | Lair:4   | Identified the +12 chain mail of Circular Logic {Stlth+}
 12948 | Lair:4   | Reached XP level 14. HP: 130/130 MP: 14/14
 13015 | Lair:4   | Identified the +1 rapier of Vupil {drain, rN++ Str-2}
 13150 | Lair:4   | Reached skill level 14 in Fighting
 13150 | Lair:4   | Reached ****** piety under Trog
 13237 | Lair:4   | Received a gift from Trog
 13691 | Lair:5   | Entered Level 5 of the Lair of Beasts
 13698 | Lair:5   | Reached skill level 10 in Dodging
 13725 | Lair:4   | Found a viscous altar of Jiyva.
 13726 | Lair:4   | Found a staircase to the Slime Pits.
 14109 | Lair:5   | Reached skill level 10 in Shields
 14384 | Lair:5   | Received a gift from Trog
 14827 | Lair:5   | Reached XP level 15. HP: 134/139 MP: 15/15
 14831 | Lair:5   | Reached skill level 15 in Fighting
 15427 | Snake:1  | Entered Level 1 of the Snake Pit
 15601 | Snake:1  | Acquired the +18 Lear's hauberk
 15601 | Snake:1  | Found the +18 Lear's hauberk
 15840 | Snake:1  | Identified the +0 mace of Detracw {drain, *Rage *Corrode
                  | rElec rN+ Int+8}
 16155 | D:8      | Bought a manual of Fighting for 1040 gold pieces
 16257 | Orc:1    | Entered Level 1 of the Orcish Mines
 16431 | Orc:2    | Entered Level 2 of the Orcish Mines
 16436 | Orc:2    | Received a gift from Trog
 16448 | Orc:2    | Noticed an orc warlord
 16469 | Orc:2    | Killed an orc warlord
 16503 | Orc:2    | Paralysed by an orc sorcerer for 4 turns
 16533 | Orc:2    | Found Mashao Kede's General Store.
 16542 | Orc:2    | Bought a scroll of enchant armour for 112 gold pieces
 16640 | Orc:2    | Found a frozen archway.
 16666 | IceCv    | Entered an ice cave
 17279 | IceCv    | Received a gift from Trog
 17357 | IceCv    | Reached skill level 16 in Fighting
 17643 | Orc:2    | Found Sucvoyt's Antique Weapon Emporium.
 17729 | Orc:2    | Found Rube's Antique Armour Emporium.
 17743 | Orc:2    | Bought a pair of glowing gloves for 180 gold pieces
 17796 | Orc:2    | Found a staircase to the Elven Halls.
 17857 | Orc:2    | Found Usupeik's Vocational Training.
 17980 | Orc:2    | Found Efump's Book Shoppe.
 18562 | Snake:1  | Found Arradywk's Self-Improvement Boutique.
 18616 | Snake:1  | Noticed Jorgrun
 18636 | Snake:1  | Killed Jorgrun
 18899 | Snake:2  | Reached XP level 16. HP: 145/147 MP: 16/16
 19283 | Snake:2  | Reached skill level 17 in Fighting
 19297 | Snake:2  | Received a gift from Trog
 20014 | Snake:3  | Reached skill level 15 in Armour
 20306 | Snake:3  | Found Coetija's Weapon Boutique.
 20420 | Snake:3  | Found Fus Ykla's Jewellery Shoppe.
 20446 | Snake:3  | Reached skill level 18 in Fighting
 20674 | Snake:3  | Found Evvizil's Antique Armour Shop.
 21402 | Snake:3  | Reached skill level 19 in Fighting
 21415 | Snake:4  | Entered Level 4 of the Snake Pit
 21415 | Snake:4  | Noticed a nagaraja
 21422 | Snake:4  | Killed a nagaraja
 21424 | Snake:4  | Received a gift from Trog
 21479 | Snake:4  | Noticed a nagaraja
 21500 | Snake:4  | Killed a nagaraja
 21505 | Snake:4  | Found a basalt altar of Yredelemnul.
 21513 | Snake:4  | Reached XP level 17. HP: 168/168 MP: 17/17
 21701 | Snake:4  | Noticed Mlioglotl
 21706 | Snake:4  | Noticed an Executioner
 21711 | Snake:4  | Noticed a lich
 21726 | Snake:4  | Noticed a tentacled starspawn
 21726 | Snake:4  | Noticed a tentacled starspawn
 21833 | Snake:4  | Reached skill level 20 in Fighting
 22019 | Snake:4  | Noticed a tentacled starspawn
 22027 | Snake:4  | Killed Mlioglotl
 22210 | Snake:4  | Reached skill level 21 in Fighting
 22386 | Snake:4  | Reached skill level 15 in Shields
 22747 | Snake:4  | Reached skill level 22 in Fighting
 22831 | Snake:4  | Got a serpentine rune of Zot
 23454 | Swamp:1  | Entered Level 1 of the Swamp
 23465 | Swamp:1  | Reached XP level 18. HP: 184/184 MP: 18/18
 23467 | Swamp:1  | Received a gift from Trog
 23518 | Swamp:1  | Identified the staff of Untruth {*Corrode rC+ rN++ Earth}
 24603 | Swamp:3  | Noticed Nikola
 24614 | Swamp:3  | Killed Nikola
 24627 | Swamp:3  | Noticed Aizul
 24648 | Swamp:3  | Killed Aizul
 25347 | Swamp:4  | Entered Level 4 of the Swamp
 25396 | Swamp:4  | Found an ancient bone altar of Kikubaaqudgha.
 25729 | Swamp:4  | Reached XP level 19. HP: 168/191 MP: 19/19
 25759 | Swamp:4  | Noticed Donald
 25764 | Swamp:4  | Killed Donald
 25846 | Swamp:4  | Received a gift from Trog
 26193 | Swamp:4  | Found a blossoming altar of Fedhas.
 26229 | Swamp:4  | Got a decaying rune of Zot
 26248 | Swamp:4  | Found a basalt altar of Yredelemnul.
 26854 | Slime:1  | Entered Level 1 of the Pits of Slime
 26917 | Slime:1  | Gained mutation: You are frail. (-10% HP) [a shining eye]
 27388 | Slime:3  | Gained mutation: You are very frail. (-20% HP) [a shining
                  | eye]
 27390 | Slime:3  | Gained mutation: Your body sometimes deteriorates upon
                  | taking damage. [a shining eye]
 27409 | Slime:3  | Paralysed by a formless jellyfish for 1 turns
 27409 | Slime:3  | Gained mutation: You are agile. (Dex +4, Str/Int -1) [a
                  | shining eye]
 27416 | Slime:3  | Paralysed by a formless jellyfish for 1 turns
 27422 | Slime:3  | Gained mutation: You are occasionally teleported next to
                  | monsters. [a shining eye]
 27809 | Slime:4  | HP: 7/152 [rockslime (20)]
 27814 | Slime:4  | HP: 4/152 [rockslime (16)]
 27816 | Slime:4  | Mangled by a rockslime

Illustrated notes

Levels and vault maps discovered:
D:1:      eino_arrival_water_cross, layout_rooms
D:2:      layout_basic, basic_altar, serial_shops, shop, glass_columns_c,
          minmay_between
D:3:      layout_basic
D:4:      layout_gridville, temple_hall, serial_shops,
          nicolae_shop_real_fake_doors
D:5:      layout_basic, mainiacjoe_overflow_concentric_impassable,
          nicolae_qazlal_general_emergency
D:6:      layout_rooms, serial_shops, nicolae_shop_waterfront,
          portal_sewer_entry_e, minmay_strange_pillars, uniq_grinder,
          uniq_duvessa
D:7:      layout_cave_pools, chequers_arboretum
D:8:      layout_loops_ring, overflow_temple_1_default, kennysheep_mini_moat,
          mainiacjoe_overflow_catwalk, erik_lair_orcish_takeover,
          nicolae_ossuary_entry_false_entrances, serial_shops,
          nicolae_shop_tiny_waterfront, shop, shop, shop, nicolae_shop_trees,
          hangedman_feature_mirror, uniq_psyche, uniq_joseph, uniq_amaemon
D:9:      layout_irregular_city, mainiacjoe_overflow_swirl
D:10:     layout_long_grid, gammafunk_temple_overflow_pools, serial_shops,
          nicolae_shop_scrapyard
D:11:     layout_loops_corners, orc_0_dummy
D:12:     layout_long_grid, grunt_decor_mini_mirrors
Lair:1:   layout_cave_pods, ebering_ghost_funeral_grove
Lair:2:   layout_regular_city, minmay_swamp_entry_swarm,
          minmay_snake_entry_guardpost_small, enter_volcano_2,
          eino_house_with_fridge
Lair:3:   layout_misc_corridors, serial_bayou_ford_a, lemuel_fruit_tree,
          grunt_megastairs_4, serial_bayou_shore_b
Lair:4:   layout_cave_pods, slime_entry_1, serial_bayou_shore_a,
          infiniplex_staircase_pool_2
Lair:5:   hangedman_lair_caniforms_friends, layout_cave_pods,
          guppyfry_lair_end_dragon, ldierk_geyser, grunt_megastairs_3
Swamp:1:  layout_falls_marsh, nicolae_swamp_tree_isthmus
Swamp:2:  layout_basic_swamp, evilmike_swamp_ruin_rubble_1, swamp_pool1
Swamp:3:  layout_falls_marsh, nicolae_swamp_tree_designs, swamp_pool3,
          nicolae_swamp_round_clearing, infiniplex_staircase_pool, uniq_aizul,
          uniq_nikola
Swamp:4:  byrel_swamp_growth_death_and_undeath, layout_basic_swamp,
          beargit_kiku_chapel, uniq_donald
Snake:1:  layout_cave_shapes, nicolae_shop_self_help, uniq_jorgrun
Snake:2:  layout_basic, nicolae_snake_lava_pool
Snake:3:  nicolae_sea_snake_s, layout_layer_cave, serial_shops,
          nicolae_take_the_stairs, shop, shop_statue, nicolae_snake_squiggles
Snake:4:  grunt_snake_rune_spirals, layout_onion, lemuel_oklob_altar,
          uniq_mlioglotl
Slime:1:  layout_caves
Slime:2:  layout_caves
Slime:3:  layout_caves, cheibrodos_slime_lost_civilization_5
Slime:4:  layout_caves
Orc:1:    layout_caves, mines2_lemuel
Orc:2:    grunt_orc_gardens, layout_diamond_mine, grunt_orc_garden,
          grunt_orc_garden, grunt_orc_garden, grunt_orc_garden,
          portal_ice_cave_entry_ice_simulacra, nicolae_shop_vocational

Skill      XL: |  1  2  3  4  5  6  7  8  9 10 11 12 13 14 15 16 17 18 19 |
---------------+----------------------------------------------------------+-----
Fighting       | 4 5 6 7 9 10 11 12 13 14 16 19 22 | 22.1
Dodging        | 2 3 4 5 6 7 8 9 10 11 | 11.8
Armour         | 3 4 5 6 7 9 10 11 12 13 14 15 | 15.1
Axes           | 5 6 7 8 9 11 12 13 15 16 17 18 19 20 | 20.9
Shields        | 2 5 7 9 10 11 13 16 18 20 | 20.4

Action                     |  1- 3 |  4- 6 |  7- 9 | 10-12 | 13-15 | 16-18 | 19-21 || total
---------------------------+-------+-------+-------+-------+-------+-------+-------++-------
  Melee: Hand axe          |    77 |   199 |   233 |       |       |       |       ||   509
         Punch             |     1 |     1 |       |     1 |       |       |       ||     3
         Broad axe         |       |       |   145 |   481 |  1080 |  1143 |   281 ||  3130
 Invoke: Berserk           |       |     1 |     3 |     3 |     5 |    10 |     2 ||    24
         Trog's Hand       |       |       |     3 |     3 |     7 |    13 |     3 ||    29
         Brothers in Arms  |       |       |       |       |     2 |    10 |     3 ||    15
    Use: Scroll            |     2 |     7 |     1 |     3 |    14 |     7 |       ||    34
         Potion            |       |       |       |     5 |     2 |     4 |     7 ||    18
   Stab: Petrified         |       |       |       |       |     4 |       |       ||     4
         Confused          |       |       |       |       |     2 |       |       ||     2
         Petrifying        |       |       |       |       |     1 |       |       ||     1
         Distracted        |       |       |       |       |       |     2 |     2 ||     4
 Armour: Animal skin       |    39 |       |       |       |       |       |       ||    39
         Chain mail        |    22 |   166 |   316 |   122 |  1147 |  1315 |   425 ||  3513
         Ring mail         |       |       |       |   437 |   104 |       |       ||   541
  Dodge: Dodged            |    49 |   101 |   193 |   366 |   637 |   585 |   189 ||  2120
  Block: Kite shield       |       |       |       |   224 |   653 |   617 |       ||  1494
         Tower shield      |       |       |       |       |       |   493 |   347 ||   840

Table legend: (Time is in decaauts)
 A = Elapsed time spent in this place.
 B = Non-inter-level travel time spent in this place.
 C = Inter-level travel time spent in this place.
 D = Time resting spent in this place.
 E = Time spent auto-exploring this place.
 F = Levels seen in this place.
 G = Mean time per level.
                   A        B        C        D        E       F      G
               +--------+--------+--------+--------+--------+-----+--------+
         Total |  28056 |  24555 |   3501 |    649 |  17022 |  35 |  801.6 |
       Dungeon |   9347 |   8149 |   1198 |     35 |   6399 |  12 |  778.9 |
          Lair |   6158 |   5084 |   1074 |      0 |   3586 |   5 | 1231.6 |
         Swamp |   3329 |   3065 |    264 |    367 |   1933 |   4 |  832.2 |
     Snake Pit |   5224 |   4427 |    797 |    150 |   2836 |   4 | 1306.0 |
    Slime Pits |    925 |    879 |     46 |     65 |    556 |   4 |  231.2 |
  Orcish Mines |    953 |    834 |    119 |      0 |    588 |   2 |  476.5 |
         Sewer |    600 |    600 |      0 |      0 |    168 |   1 |  600.0 |
       Ossuary |    184 |    184 |      0 |      0 |    105 |   1 |  184.0 |
      Ice Cave |    952 |    952 |      0 |      0 |    693 |   1 |  952.0 |
       Volcano |    380 |    380 |      0 |     30 |    156 |   1 |  380.0 |
               +--------+--------+--------+--------+--------+-----+--------+

Top non-repeatable levels by time:
 Snake:4: 1727 daAuts
 Snake:3: 1518 daAuts
  Lair:5: 1419 daAuts
  Lair:1: 1394 daAuts
  Lair:2: 1356 daAuts
 Swamp:4: 1311 daAuts
     D:8: 1225 daAuts
 Snake:2: 1184 daAuts
  Lair:4: 1133 daAuts
     D:9: 1058 daAuts
     D:2: 957 daAuts
   IceCv: 952 daAuts
    D:11: 944 daAuts
  Lair:3: 853 daAuts
 Swamp:3: 844 daAuts
